 Dungeon Sprint DCSS version 0.23.1-37-gaa34b87b72 (webtiles) character file.

Game seed: 4317462210243129962

6776 Groucho the Imperceptible (level 10, 57/57 HPs)
             Began as a Felid Berserker on Mar 27, 2019.
             Was an Elder of Trog.
             Got out of the dungeon alive.
             The game lasted 00:23:51 (6813 turns).

Groucho the Imperceptible (Felid Berserker)         Turns: 6813, Time: 00:23:52

Health: 57/57      AC:  3    Str: 13    XL:     10   Next: 76%
Magic:  11/11      EV: 35    Int:  9    God:    Trog [****..]
Gold:   1664       SH:  0    Dex: 20    Spells: 9/9 levels left
                                        Lives:  0   Deaths: 2

rFire    + . .     SeeInvis +     - Unarmed
rCold    + . .     Gourm    .   (shield unavailable)
rNeg     . . .     Faith    .   (armour unavailable)
rPois    .         Spirit   .   (helmet unavailable)
rElec    .         Reflect  .   (cloak unavailable)
rCorr    .         Harm     .   (gloves unavailable)
MR       +....     NoTele   +   (boots unavailable)
Stlth    +++++++++.             (no amulet)
HPRegen  0.19/turn              v - ring of protection from fire
MPRegen  0.12/turn              y - ring of flight

@: quick
A: very small, no armour, no weapons or thrown items, stealth, claws 1, fangs 3,
see invisible, carnivore, speed 1, shaggy fur 3, slow metabolism 1, sharp paws
a: Berserk, Trog's Hand, Brothers in Arms, Renounce Religion, Evoke Flight


You escaped.
You worshipped Trog.
Trog was greatly pleased with you.
You were hungry.

You visited 1 branch You collected 3431 gold pieces.
You spent 1767 gold pieces at shops.

Inventory:

Jewellery
 a - a +3 ring of protection
 j - a +1 ring of evasion
 o - an uncursed ring of protection from fire
 u - an uncursed ring of poison resistance
 v - a ring of protection from fire (left paw)
 w - an uncursed ring of magical power
 y - a ring of flight (right paw)
Wands
 h - a wand of paralysis (9)
 t - a wand of clouds (4)
Scrolls
 p - a scroll of enchant weapon {unknown}
 q - 3 scrolls of identify {unknown}
 r - a scroll of blinking
 x - a scroll of torment {unknown}
Potions
 b - 4 potions of curing
 c - a potion of heal wounds
 e - 2 potions of magic
 f - 2 potions of berserk rage
 i - 2 potions of lignification {unknown}
 l - 2 potions of resistance
 m - a potion of agility
 n - a potion of might
 s - a potion of ambrosia {unknown}
Comestibles
 d - 7 rations


   Skills:
 + Level 15.3 Fighting
 + Level 19.1 Dodging
 + Level 25.5 Stealth
 + Level 15.3 Unarmed Combat


You had 9 spell levels left.
You didn't know any spells.
Your spell library was empty.

Dungeon Overview and Level Annotations

Branches:
Dungeon (1/1)

Altars:
Cheibriados
Dithmenos
Elyvilon
Fedhas
Gozag
Hepliaklqana
Kikubaaqudgha
Makhleb
Nemelex Xobeh
Okawaru
Qazlal
Ru
Sif Muna
Trog
Uskayaw
Vehumet
Wu Jian
Xom
Yredelemnul
Zin
The Shining One
Jiyva
Lugonu

Shops:
D :[([([:![!(*?(%[}:[[*=


Innate Abilities, Weirdness & Mutations

You cannot wear armour.
You are incapable of wielding weapons or throwing items.
Your paws allow you to move quietly. (Stealth)
You have sharp claws.
You have razor-sharp teeth.
You have supernaturally acute eyesight. (SInv)
You are carnivorous and can eat meat at any time.
You cover ground quickly.
Your thick and shaggy fur keeps you warm. (AC +3, rC+)
You have a slow metabolism.
Your sharp claws are effective at attacking unaware monsters.


Message History

a +0 dagger; a +0 robe
There is an open door here.
There is an open door here.
You avoid triggering an arrow trap.
There is an arrow trap here.
There is an open door here.
There is an open door, spattered with blood here.
Things that are here:
a +0 scythe; a +0 robe
There is an open door here.
There is an open door here.
You see here a +0 scale mail.
There is an open door here.
There is a staircase leading out of the dungeon here.
Are you sure you want to leave the Dungeon?
This will make you lose the game!
Alright, then stay!
Unknown command.
Unknown command.
Are you sure you want to leave the Dungeon?
This will make you lose the game!
You have escaped!

##################
#@.#.['..#.)'..#__
#..'..#..'..#..'^.
#..#####+#####'#__
#..####..#...#.###
#.)#__####..##(#≈§
#..#_____##'#_.§§§
#⌠⌠#_.∩...'..._#§§
####_..__##_.#'##+
*,,#_____###'#.#.[


There were no monsters in sight!

Vanquished Creatures
  A fire giant (D)
  A lorocyproca (D)
  A mummy priest (D)
  A hydra (D)
  2 centaur warriors (D)
  Sonja (D)
  7 unseen horrors (D)
  A deep troll (D)
  A lindwurm (D)
  2 oklob plants (D)
  2 merfolk sirens (D)
  A gargoyle (D)
  A hellwing (D)
  A kobold demonologist (D)
  2 demonic crawlers (D)
  4 hornets (D)
  A slime creature (D)
  2 redbacks (D)
  Sigmund (D)
  11 hogs (D)
  A yak (D)
  3 floating eyes (D)
  An ogre (D)
  7 necrophages (D)
  8 jellies (D)
  Ijyb (D)
  3 ballistomycetes (D)
68 creatures vanquished.

Vanquished Creatures (collateral kills)
  A golden dragon (D)
  A shadow dragon (D)
  3 fire giants (D)
  A deep elf annihilator (D)
  8 shining eyes (D)
  A kobold demonologist (D)
  2 demonic crawlers (D)
  A hornet (D)
  2 hogs (D)
  4 floating eyes (D)
  A ballistomycete spore (D)
25 creatures vanquished.

Vanquished Creatures (others)
  the Lernaean hydra (D)
  A deep elf master archer (D)
  A gargoyle (D)
  A ballistomycete spore (D)
4 creatures vanquished.

Grand Total: 97 creatures vanquished

Notes
Turn   | Place    | Note
-------+----------+-------------------------------------------
     0 | D        | Groucho the Felid Berserker began the quest for the Orb.
     0 | D        | Reached XP level 1. HP: 10/10 MP: 2/2
     2 | D        | Noticed Ijyb
    16 | D        | Killed Ijyb
    16 | D        | Reached skill level 8 in Stealth
    16 | D        | Reached XP level 2. HP: 14/14 MP: 3/3
    61 | D        | Noticed an ogre
    74 | D        | Killed an ogre
    74 | D        | Reached skill level 12 in Stealth
    74 | D        | Reached XP level 3. HP: 17/17 MP: 4/4
    74 | D        | Reached XP level 4. HP: 21/21 MP: 5/5
   140 | D        | Noticed Sigmund
   142 | D        | Killed Sigmund
   142 | D        | Reached ** piety under Trog
   142 | D        | Reached skill level 16 in Stealth
   142 | D        | Reached XP level 5. HP: 24/24 MP: 6/6
   142 | D        | Gained mutation: You are covered in thick fur. (AC +2)
                  | [Felid growth]
   142 | D        | Reached XP level 6. HP: 28/28 MP: 7/7
   161 | D        | Found a deep blue altar of Sif Muna.
   162 | D        | Found an ornate altar of the Wu Jian Council.
   163 | D        | Found a radiant altar of Vehumet.
   200 | D        | Found Bifowilo's Antique Armour Emporium.
   200 | D        | Found an ancient bone altar of Kikubaaqudgha.
   200 | D        | Found a hazy altar of Hepliaklqana.
   200 | D        | Found a stormy altar of Qazlal.
   200 | D        | Found a hide-covered altar of Uskayaw.
   200 | D        | Found a blossoming altar of Fedhas.
   200 | D        | Found a bloodstained altar of Trog.
   200 | D        | Found an iron altar of Okawaru.
   200 | D        | Found a basalt altar of Yredelemnul.
   200 | D        | Found a glowing golden altar of the Shining One.
   200 | D        | Found a snail-covered altar of Cheibriados.
   200 | D        | Found a sacrificial altar of Ru.
   200 | D        | Found a glowing silver altar of Zin.
   200 | D        | Found a shadowy altar of Dithmenos.
   200 | D        | Found a white marble altar of Elyvilon.
   200 | D        | Noticed a yak
   201 | D        | Found an opulent altar of Gozag.
   202 | D        | Killed a yak
   202 | D        | Reached skill level 18 in Stealth
   203 | D        | Found a sparkling altar of Nemelex Xobeh.
   242 | D        | Found a burning altar of Makhleb.
   242 | D        | Found a shimmering altar of Xom.
   242 | D        | Noticed a slime creature
   243 | D        | Found a viscous altar of Jiyva.
   243 | D        | Found a corrupted altar of Lugonu.
   245 | D        | Killed a slime creature
   245 | D        | Reached *** piety under Trog
   245 | D        | Reached skill level 5 in Dodging
   245 | D        | Reached XP level 7. HP: 32/32 MP: 8/8
   288 | D        | Noticed a centaur warrior
   288 | D        | Noticed a centaur warrior
   289 | D        | Killed a centaur warrior
   289 | D        | Reached skill level 19 in Stealth
   289 | D        | Reached XP level 8. HP: 39/39 MP: 9/9
   290 | D        | Killed a centaur warrior
   290 | D        | Reached skill level 10 in Dodging
   290 | D        | Reached skill level 20 in Stealth
   300 | D        | Noticed a hornet
   303 | D        | Killed a hornet
   303 | D        | Reached XP level 9. HP: 44/44 MP: 10/10
   314 | D        | Noticed an oklob plant
   316 | D        | Killed an oklob plant
   316 | D        | Reached **** piety under Trog
   350 | D        | Paralysed by a floating eye for 2 turns
   356 | D        | Paralysed by a floating eye for 3 turns
   371 | D        | Noticed an unseen horror
   371 | D        | Noticed an unseen horror
   377 | D        | Killed an unseen horror
   377 | D        | Reached skill level 21 in Stealth
   379 | D        | Killed an unseen horror
   379 | D        | Reached ***** piety under Trog
   379 | D        | Reached skill level 10 in Fighting
   379 | D        | Reached skill level 10 in Unarmed Combat
   379 | D        | Reached XP level 10. HP: 51/51 MP: 11/11
   416 | D        | Reached ****** piety under Trog
   446 | D        | Found Hest's Distillery.
   446 | D        | Found Giefaz's Book Shop.
   446 | D        | Found Imebbioxe's Antique Armour Boutique.
   448 | D        | Found Liomimul's Distillery.
   448 | D        | Found Faipnomp's Weapon Shop.
   448 | D        | Found Biedoy's Assorted Antiques.
   448 | D        | Found Qazuon's Magic Scroll Boutique.
   448 | D        | Found Vixiwif's Antique Weapon Emporium.
   448 | D        | Found Mynox's Food Shop.
   448 | D        | Found Siowkirph's Armour Shoppe.
   452 | D        | Found Lulet's Gadget Boutique.
   453 | D        | Found Zetoc's Armour Emporium.
   453 | D        | Found Jeobyijalu's Book Boutique.
   454 | D        | Found Fehiseh's General Store.
   475 | D        | Bought a potion of resistance for 140 gold pieces
   475 | D        | Bought a potion of agility for 56 gold pieces
   475 | D        | Bought a potion of might for 56 gold pieces
   475 | D        | Bought a potion of heal wounds for 70 gold pieces
   477 | D        | Bought a potion of resistance for 140 gold pieces
   479 | D        | Bought a diamond ring for 125 gold pieces
   523 | D        | Noticed a deep troll
   525 | D        | Killed a deep troll
   537 | D        | Found Ofelamit's Armour Emporium.
   551 | D        | Noticed Sonja
   554 | D        | Killed Sonja
   554 | D        | Reached skill level 22 in Stealth
   570 | D        | Found Coloaneo's Book Boutique.
   823 | D        | Killed a gargoyle
   967 | D        | Noticed a shining eye
   967 | D        | Noticed a shining eye
   967 | D        | Noticed a shining eye
   967 | D        | Noticed a shining eye
   967 | D        | Noticed a shining eye
   967 | D        | Noticed a shining eye
   969 | D        | Killed a shining eye
   969 | D        | Killed a shining eye
   972 | D        | Killed a shining eye
   972 | D        | Killed a shining eye
   973 | D        | Noticed a shining eye
   973 | D        | Noticed a shining eye
   977 | D        | Killed a shining eye
   979 | D        | Killed a shining eye
   980 | D        | Killed a shining eye
   982 | D        | Killed a shining eye
   988 | D        | Found Loitsiul's Antique Armour Shoppe.
   988 | D        | Found Tiyrch's Weapon Shop.
   988 | D        | Found Nusor's Weapon Emporium.
   988 | D        | Found Oteaniox's Armour Boutique.
  1052 | D        | Reached XP level 11. HP: 56/56 MP: 12/12
  1314 | D        | Reached skill level 15 in Dodging
  1611 | D        | Noticed a lindwurm
  1613 | D        | Killed a lindwurm
  1613 | D        | Reached skill level 23 in Stealth
  1971 | D        | Noticed a 12-headed hydra
  1973 | D        | Killed a 12-headed hydra
  2039 | D        | Noticed a shadow dragon
  2039 | D        | Noticed a golden dragon
  2349 | D        | Found Ukaumotu's Jewellery Shoppe.
  2372 | D        | Bought an uncursed ring of poison resistance for 280 gold
                  | pieces
  2372 | D        | Bought an uncursed ring of protection from fire for 350
                  | gold pieces
  2391 | D        | Killed a golden dragon
  2406 | D        | Killed a shadow dragon
  2406 | D        | Reached skill level 24 in Stealth
  2537 | D        | Noticed a lorocyproca
  2559 | D        | Killed a lorocyproca
  2974 | D        | Noticed a daeva
  2977 | D        | Noticed an unseen horror
  2977 | D        | Noticed an unseen horror
  2977 | D        | Noticed an unseen horror
  2978 | D        | Noticed an unseen horror
  2981 | D        | Noticed an unseen horror
  2986 | D        | Killed an unseen horror
  2986 | D        | Gained mutation: Your thick and shaggy fur keeps you warm.
                  | (AC +3, rC+) [Felid growth]
  2986 | D        | Reached XP level 12. HP: 59/62 MP: 13/13
  3521 | D        | Noticed a fire giant
  3524 | D        | Noticed a fire giant
  3525 | D        | Noticed a fire giant
  3525 | D        | Noticed a fire giant
  3540 | D        | Killed a fire giant
  3558 | D        | Killed a fire giant
  3673 | D        | Killed a fire giant
  3673 | D        | Reached skill level 25 in Stealth
  3688 | D        | Killed a fire giant
  3835 | D        | Noticed a deep elf annihilator
  3863 | D        | Reached skill level 15 in Unarmed Combat
  4068 | D        | Reached skill level 15 in Fighting
  4097 | D        | Paralysed by a hornet for 2 turns
  4412 | D        | Killed a deep elf annihilator
  4803 | D        | Bought a ration for 55 gold pieces
  4803 | D        | Bought a ration for 55 gold pieces
  4803 | D        | Bought a ration for 55 gold pieces
  4803 | D        | Bought a ration for 55 gold pieces
  4803 | D        | Bought a ration for 55 gold pieces
  4803 | D        | Bought a ration for 55 gold pieces
  4803 | D        | Bought a ration for 55 gold pieces
  4803 | D        | Bought a ration for 55 gold pieces
  4803 | D        | Bought a ration for 55 gold pieces
  4803 | D        | Bought a ration for 55 gold pieces
  4882 | D        | Noticed a mummy priest
  4895 | D        | Killed a mummy priest
  4985 | D        | Noticed the 27-headed Lernaean hydra
  4990 | D        | HP: 1/64 [the 27-headed Lernaean hydra (18)]
  4990 | D        | Mangled by the 27-headed Lernaean hydra
  4991 | D        | Reached XP level 11. HP: -9/59 MP: 12/12
  5029 | D        | HP: 1/61 [the 27-headed Lernaean hydra (9)]
  5029 | D        | Mangled by the 27-headed Lernaean hydra
  5030 | D        | Reached XP level 10. HP: -6/57 MP: 11/11
  5089 | D        | Killed the 27-headed Lernaean hydra
  5137 | D        | Killed a deep elf master archer
  6813 | D        | Got out of the dungeon alive.

Skill      XL: |  1  2  3  4  5  6  7  8  9 10 11 12 |
---------------+-------------------------------------+-----
Stealth        | 8 12 16 18 19 20 21 22 24 25 | 25.5
Fighting       | 4 6 8 10 11 13 15 | 15.3
Dodging        | 5 8 10 12 14 17 19 | 19.1
Unarmed Combat | 4 6 8 10 11 13 15 | 15.3

Action                   |  1- 3 |  4- 6 |  7- 9 | 10-12 || total
-------------------------+-------+-------+-------+-------++-------
Melee: Unarmed           |    14 |     4 |    12 |   163 ||   193
       Bite              |     1 |       |     1 |    20 ||    22
       Punch             |       |       |     1 |    11 ||    12
Invok: Berserk           |     2 |       |       |     8 ||    10
       Brothers in Arms  |       |       |       |    23 ||    23
       Trog's Hand       |       |       |       |     5 ||     5
 Abil: Evoke Flight      |       |       |       |     5 ||     5
Evoke: Wand              |       |       |       |     1 ||     1
  Use: Scroll            |       |       |     1 |     3 ||     4
       Potion            |       |       |       |     3 ||     3
 Stab: Sleeping          |     2 |     4 |     8 |    22 ||    36
       Distracted        |       |       |       |     4 ||     4
  Eat: Chunk             |       |     7 |       |    11 ||    18
       Ration            |       |       |       |     6 ||     6
Armor: Skin              |       |       |       |     7 ||     7
Dodge: Dodged            |     8 |       |       |   195 ||   203
